 Dungeon Crawl Stone Soup version 0.29-a0-23-ga79f92ac9c (console) character file.

Game seed: 6395056065034755853

50 Cab the Chopper (level 3, -28/29 HPs)
             Began as a Demonspawn Fighter on Jan 30, 2022.
             Annihilated by an ogre (30 damage)
             ... on level 2 of the Dungeon.
             The game lasted 00:03:23 (1449 turns).

Cab the Chopper (Demonspawn Fighter)                Turns: 1449, Time: 00:03:24

Health: -28/29     AC:  8    Str: 18    XL:     3   Next: 55%
Magic:  3/3        EV:  9    Int:  9    God:
Gold:   41         SH:  4    Dex: 12    Spells: 2/2 levels left

rFire   . . .      SeeInvis .   a - +0 war axe
rCold   . . .      Faith    .   c - +0 buckler
rNeg    . . .      Spirit   .   b - +0 scale mail
rPois   .          Reflect  .   (no helmet)
rElec   .          Harm     .   (no cloak)
rCorr   .          Rampage  .   g - +0 pair of gloves
Will    .....                   (no boots)
Stlth   ..........              (no amulet)
HPRegen 0.09/turn               (no ring)
MPRegen 0.08/turn               (no ring)

@: very slow
A: rugged brown scales 1
a: no special abilities


You were on level 2 of the Dungeon.
You visited 1 branch of the dungeon, and saw 2 of its levels.

You collected 41 gold pieces.

Inventory:

Hand Weapons
 a - a +0 war axe (weapon)
Missiles
 h - a throwing net (quivered)
Armour
 b - a +0 scale mail (worn)
 c - a +0 buckler (worn)
 g - a +0 pair of gloves (worn)
Scrolls
 i - a scroll of summoning {unknown}
 j - 3 scrolls of enchant weapon {unknown}
Potions
 d - a potion of might
 e - a potion of magic {unknown}
 f - 2 potions of curing {unknown}


   Skills:
 - Level 3.0 Fighting
 + Level 3.6 Axes
 - Level 2.6 Armour
 - Level 2.6 Shields


You had 2 spell levels left.
You didn't know any spells.
Your spell library was empty.

Dungeon Overview and Level Annotations

Branches:
Dungeon (2/15)

Altars:


Innate Abilities, Weirdness & Mutations

You are partially covered in rugged brown scales. (AC +1, +3% HP)


Message History

You are too injured to fight recklessly!
You are too injured to fight recklessly!
You are too injured to fight recklessly!
You are too injured to fight recklessly!
You are too injured to fight recklessly!
You are too injured to fight recklessly!
You are too injured to fight recklessly!
You are too injured to fight recklessly!
You are too injured to fight recklessly!
You are too injured to fight recklessly!
You are too injured to fight recklessly!
You are too injured to fight recklessly!
You are too injured to fight recklessly!
You are too injured to fight recklessly!
You are too injured to fight recklessly!
You are too injured to fight recklessly!
You are too injured to fight recklessly!
You are too injured to fight recklessly!
You are too injured to fight recklessly!
You are too injured to fight recklessly!
You are too injured to fight recklessly!
You are too injured to fight recklessly!
You are too injured to fight recklessly!
You are too injured to fight recklessly!
You are too injured to fight recklessly!
Unknown command.
Press: ? - help, v - describe, . - travel
Here: an ogre, wielding a +0 giant spiked club The floor.
You hit the ogre.
The ogre is lightly wounded.
You hit the kobold but do no damage. The kobold hits you but does no damage.
The ogre hits you with a +0 giant spiked club!
* * * LOW HITPOINT WARNING * * *
You enter the shallow water.
Moving in this stuff is going to be slow.
You block the kobold's attack.
The ogre hits you with a +0 giant spiked club!!
Ouch! That really hurt!
You die...

▒≈≈≈≈∙∙▒
▒∙>∙∙∙∙∙
▒∙≈≈∙≈∙▒
▒▒▒▒▒▒▒▒
▒∙≈≈≈≈∙▒
▒≈≈∙≈≈∙▒
▒▒▒▒∙≈≈≈∙▒
≈≈≈≈≈∙≈≈∙▒
≈≈≈≈≈≈≈≈∙▒
≈≈≈≈≈≈∙∙∙▒ ▒▒
▒≈≈≈∙≈∙@▒▒▒▒▒▒▒▒
▒∙
▒▒▒▒▒≈∙OK∙∙∙∙∙∙∙
▒∙ ▒▒∙∙∙%∙∙∙∙∙∙
▒∙


■∙∙∙∙∙∙∙∙∙∙ ▒∙ ▒∙∙∙∙∙∙∙∙∙∙ ▒∙ <∙∙∙∙∙∙∙∙∙∙ ▒∙ ▒▒∙∙∙∙∙∙∙∙∙∙ ▒∙ ■∙∙∙∙∙∙∙∙∙∙ ▒∙
▒=∙∙∙∙∙∙∙∙∙ ▒∙ You could see an ogre and a kobold.

Vanquished Creatures
  An adder (D:2)
  2 worms (D:2)
  A dart slug (D:1)
  A ball python (D:1)
  4 endoplasms
  4 giant cockroaches
  3 goblins
  4 hobgoblins
  3 jackals (D:1)
  A kobold (D:1)
  5 rats
29 creatures vanquished.

Notes
Turn   | Place    | Note
-------+----------+-------------------------------------------
     0 | D:1      | Cab the Demonspawn Fighter began the quest for the Orb.
     0 | D:1      | Reached XP level 1. HP: 18/18 MP: 1/1
    63 | D:1      | Gained mutation: You are partially covered in rugged brown
                  | scales. (AC +1, +3% HP) [demonic ancestry]
    63 | D:1      | Reached XP level 2. HP: 16/24 MP: 2/2
  1029 | D:2      | Reached XP level 3. HP: 29/29 MP: 3/3
  1443 | D:2      | Noticed an ogre
  1449 | D:2      | Annihilated by an ogre

Illustrated notes

Levels and vault maps discovered:
D:1:      elethiomel_arrival_shortcut, layout_basic, grunt_decor_resistance,
          minmay_tromino_v7
D:2:      layout_basic, chequers_serial_rivers_large_a

Skill      XL: |  1  2 |
---------------+-------+-----
Axes           | 2 3 |  3.6
Fighting       | |  3.0
Armour         | |  2.6
Shields        | |  2.6

Action                   || total
-------------------------++-------
Melee: War axe           ||    86
Armor: Scale mail        ||    38
Dodge: Dodged            ||    36
Block: Buckler           ||    18

Table legend: (Time is in decaauts)
 A = Elapsed time spent in this place.
 B = Non-inter-level travel time spent in this place.
 C = Inter-level travel time spent in this place.
 D = Time resting spent in this place.
 E = Time spent auto-exploring this place.
 F = Levels seen in this place.
 G = Mean time per level.
                   A        B        C        D        E       F      G
               +--------+--------+--------+--------+--------+-----+--------+
         Total |   1487 |   1465 |     22 |      0 |   1003 |   2 |  743.5 |
       Dungeon |   1487 |   1465 |     22 |      0 |   1003 |   2 |  743.5 |
               +--------+--------+--------+--------+--------+-----+--------+

Top non-repeatable levels by time:
     D:1: 942 daAuts
     D:2: 544 daAuts
